 Dungeon Crawl Stone Soup version 0.23.2-33-g5129a83184 (webtiles) character file.

Game seed: 2538421261064672837

56 DildoBatman the Conjurer (level 4, -2/30 HPs)
             Began as a Formicid Wizard on Aug 12, 2019.
             Slain by a scorpion (4 damage)
             ... on level 3 of the Dungeon.
             The game lasted 00:03:23 (2028 turns).

DildoBatman the Conjurer (Formicid Wizard)          Turns: 2028, Time: 00:03:23

Health: -2/30      AC:  2    Str: 12    XL:     4   Next: 15%
Magic:  7/8        EV: 12    Int: 18    God:
Gold:   88         SH:  0    Dex:  9    Spells: 2/9 levels left

rFire    . . .     SeeInvis +   q - +0 dagger
rCold    . . .     Gourm    +   (no shield)
rNeg     . . .     Faith    .   a - +0 robe
rPois    .         Spirit   .   (helmet unavailable)
rElec    .         Reflect  .   (no cloak)
rCorr    .         Harm     .   (no gloves)
MR       .....                  (no boots)
Stlth    ++........             t - amulet of the gourmand
HPRegen  0.10/turn              (no ring)
MPRegen  0.11/turn              (no ring)

@: lethally poisoned (-2 -> -11)
A: permanent stasis, dig shafts and tunnels, four strong arms, antennae 3
a: Dig, Shaft Self


You were on level 3 of the Dungeon.
You were not hungry.

You visited 1 branch of the dungeon, and saw 3 of its levels.

You collected 88 gold pieces.

Inventory:

Hand Weapons
 c - a +0 club
 e - a +0 short sword
 g - a +0 whip
 q - a +0 dagger (weapon)
Missiles
 b - 20 sling bullets
 h - 121 stones (quivered)
 j - 6 javelins
 k - 10 arrows
 n - 28 bolts
Armour
 a - a +0 robe (worn)
Jewellery
 t - an amulet of the gourmand (around neck)
Scrolls
 f - a scroll of fear {unknown}
 i - 3 scrolls of identify {unknown}
 l - a scroll of teleportation {unknown}
 m - a scroll of magic mapping {unknown}
 p - a scroll of random uselessness {unknown}
 r - a scroll of blinking {unknown}
 u - a scroll of amnesia {unknown}
Potions
 d - 3 potions of curing {unknown}
 o - a potion of ambrosia {unknown}
 s - 2 potions of agility {unknown}
Comestibles
 v - 5 rations


   Skills:
 - Level 1.7 Dodging
 - Level 2.4 Stealth
 - Level 3.2 Spellcasting
 * Level 3.3 Conjurations
   Level 1.0 Summonings
   Level 0.8 Translocations


You had 2 spell levels left.
You knew the following spells:

 Your Spells              Type           Power        Failure   Level  Hunger
a - Conjure Flame         Conj/Fire      #.......     24%         3    ###....
c - Magic Dart            Conj           ##..         4%          1    None
e - Mephitic Cloud        Conj/Pois/Air  #.......     30%         3    ###....

Your spell library contained the following spells:

 Spells                   Type           Power        Failure   Level  Hunger
 Call Imp                 Summ           #.......     16%         2    ##.....
 Slow                     Hex            #.......     24%         2    ##.....
 Blink                    Tloc           Unusable     N/A         2    N/A

Dungeon Overview and Level Annotations

Branches:
Dungeon (3/15)

Altars:


Innate Abilities, Weirdness & Mutations

You cannot be hasted, slowed, berserked, paralysed or teleported.
You can dig through walls and to a lower floor.
Your four strong arms can wield two-handed weapons with a shield.
You have a pair of large antennae on your head. (SInv)


Message History

The scorpion stings you but does no damage.
You hit the scorpion but do no damage.
The scorpion is moderately wounded.
The scorpion stings you!
You are more poisoned.
The scorpion poisons you!
You barely miss the scorpion.
The scorpion is moderately wounded.
You feel sick.
The scorpion seems less confused.
The scorpion stings you but does no damage.
You hit the scorpion but do no damage.
The scorpion is moderately wounded.
You feel sick. The scorpion closely misses you.
You closely miss the scorpion.
The scorpion is moderately wounded.
You feel sick. The scorpion stings you.
You die...

#### ..# ######
#.#######....#
###.##.......#.# .
#.........#..#.# ...
#.#.##.......#.##.....
#.###.#.###.........(.....
#.......# ##.......##.....
#####.### ##@###### ...
#.# #s# . #.# #.# #####.#
##+# #.....# ##...##
#.##### ##.....## #.#.##
##.......##
##....####.........#
#........+........<+


You could see a scorpion.

Vanquished Creatures
  2 adders (D:2)
  An ooze (D:3)
  A dart slug (D:1)
  A leopard gecko (D:2)
  5 bats
  A giant cockroach (D:3)
  4 hobgoblins (D:1)
  3 kobolds
  2 quokkas (D:2)
  A frilled lizard (D:1)
  A goblin (D:1)
  11 rats
33 creatures vanquished.

Notes
Turn   | Place    | Note
-------+----------+-------------------------------------------
     0 | D:1      | DildoBatman the Formicid Wizard began the quest for the
                  | Orb.
     0 | D:1      | Reached XP level 1. HP: 13/13 MP: 4/4
    76 | D:1      | Reached skill level 1 in Conjurations
   371 | D:1      | Reached XP level 2. HP: 19/19 MP: 0/6
  1010 | D:1      | Reached XP level 3. HP: 24/24 MP: 4/7
  1015 | D:1      | Learned a level 3 spell: Conjure Flame
  1019 | D:1      | Learned a level 3 spell: Mephitic Cloud
  1644 | D:2      | Reached XP level 4. HP: 23/30 MP: 5/8
  2028 | D:3      | Slain by a scorpion

Skill      XL: |  1  2  3 |
---------------+----------+-----
Conjurations   | 1 2 3 |  3.3
Dodging        | |  1.7
Stealth        | |  2.4
Spellcasting   | |  3.2
Summonings     | |  1.0
Translocations | |  0.8

Action                   |  1- 3 |  4- 6 || total
-------------------------+-------+-------++-------
Melee: Club              |     6 |       ||     6
       Dagger            |     3 |    13 ||    16
 Cast: Magic Dart        |    62 |    14 ||    76
       Mephitic Cloud    |       |     1 ||     1
 Stab: Sleeping          |     3 |       ||     3
  Eat: Chunk             |     2 |     4 ||     6
Armor: Robe              |     2 |     2 ||     4
Dodge: Dodged            |    11 |     4 ||    15
